[Event "Late-Titled-Tuesday-Blitz-April-23-2024"]
[Site "Chess.com"]
[Date "2024.04.23"]
[Round "11"]
[White "enriquetejedor"]
[Black "rasmussvane"]
[Result "1-0"]
[WhiteElo "2759"]
[BlackElo "2940"]
[TimeControl "180+1"]
[EndTime "16:08:46 PDT"]
[Termination "enriquetejedor won on time"]

1. c4 e6 2. Nf3 d5 3. e3 Nf6 4. b3 Be7 5. Bb2 O-O 6. Be2 b6 7. O-O Bb7 8. d4 Nbd7 9. Nc3 c5 10. cxd5 Nxd5 11. Nxd5 Bxd5 12. Rc1 Rc8 13. Bc4 Bxf3 14. Qxf3 cxd4 15. Bxd4 Bf6 16. Bxf6 Nxf6 17. Rfd1 Qc7 18. a4 Qc5 19. h3 h6 20. Rc2 Rfd8 21. Rcd2 Rxd2 22.
Rxd2 Qe5 23. g3 g5 24. Kg2 Kg7 25. Rd4 Qc7 26. Ba6 Rd8 27. Qd1 Rxd4 28. Qxd4 Qc6+ 29. Kg1 Qd5 30. Qc3 Qf5 31. g4 Qf3 32. Bf1 a5 33. Qe5 Qd5 34. Qc3 Qd6 35. Bg2 Kg6 36. Qc2+ Kg7 37. Bf3 Qe5 38. Qd3 Ne8 39. Kg2 Nd6 40.
Qa6 Qc5 41. Qd3 Nc8 42. Ba8 Ne7 43. Be4 Qe5 44. Qd4 Qxd4 45. exd4 Kf6 46. Kf3 Nc8 47. Ke3 Nd6 48. f3 Ke7 49. Bc6 Nc8 50. Bb7 Nd6 51. Bc6 Kd8 52. f4 Ke7 53. Bf3 Ne8 54. d5 Nf6 55. dxe6 fxe6 56. fxg5 hxg5 57. Kd4 Kd6 58. Bg2 e5+ 59. Kc4 Nd7 60. Kb5 Nc5 61. b4 axb4 62. Kxb4 e4 63. Kb5 1-0

[Event "Late-Titled-Tuesday-Blitz-April-23-2024"]
[Site "Chess.com"]
[Date "2024.04.23"]
[Round "11"]
[White "TheAlienParty"]
[Black "Mikhail_Golubev"]
[Result "0-1"]
[WhiteElo "2443"]
[BlackElo "2566"]
[TimeControl "180+1"]
[EndTime "16:08:46 PDT"]
[Termination "Mikhail_Golubev won by checkmate"]

1. c4 g6 2. Nc3 Bg7 3. h4 Nf6 4.
e4 e5 5. Be2 h5 6. Nf3 Ng4 7. d3 d6 8. Nd5 c6 9. Ne3 O-O 10.
Nxg4 Bxg4 11. Ng5 Bxe2 12. Qxe2 Nd7 13. Be3 Nf6 14. f3 d5 15. cxd5 cxd5 16. O-O-O d4 17. Bd2 Qd7 18. Kb1 Rfc8 19. Rc1 Rxc1+ 20. Rxc1 Rc8 21.
Rg1 Qa4 22. Bc1 Rc6 23. g4 Ra6 24. a3 Qd7 25. gxh5 Nxh5 26. Qc2 f6 27. Qc4+ Kh8 28.
Qf7 Qxf7 29. Nxf7+ Kh7 30. Bd2 Bf8 31. Nd8 b5 32. Bb4 Bxb4 33. axb4 Rd6 34. Nb7 Rd7 35. Nc5 Re7 36. Kc2 Nf4 37. Ra1 Kh6 38. Ra5 Kh5 39.
Rxb5 Kxh4 40. Rb8 Kg3 41. Rf8 Kxf3 42. Rxf6 g5 43. Kd2 g4 44. Rf5 g3 45. Rg5 g2 46. Nb3 Kf2 47. Kc2 g1=Q 48. Rxg1 Kxg1 49. Nc5 Kf2 50. Kb3 Ke3 51. Kc4 Rc7 52. b5 Nxd3 53. Kd5 Nxc5 54. Kd6 Rc8 55. b4 Nb7+ 56. Kxe5 Rc4 57. Kd5 Rxb4 58. Kc6 Na5+ 59. Kc5 Rc4+ 60. Kd5 d3 61. e5 d2 62. e6 d1=Q+ 63. Ke5 Re4+ 64. Kf6 Qd6 65. Kf7 Qxe6+ 66. Kf8 Rg4 67. b6 Rg8# 0-1

[Event "Late-Titled-Tuesday-Blitz-April-23-2024"]
[Site "Chess.com"]
[Date "2024.04.23"]
[Round "11"]
[White "ChristopherYoo"]
[Black "Msb2"]
[Result "1-0"]
[WhiteElo "3038"]
[BlackElo "3066"]
[TimeControl "180+1"]
[EndTime "16:08:50 PDT"]
[Termination "ChristopherYoo won by checkmate"]

1. d4 d5 2. c4 e6 3. Nc3 Bb4 4. e3 Nf6 5. Qa4+ Nc6 6. Bd2 O-O 7. a3 Bxc3 8. Bxc3 Qe8 9. Qc2 Ne4 10. Nf3 Nxc3 11.
Qxc3 Qe7 12. Rc1 Bd7 13. Be2 Rac8 14. O-O dxc4 15. Qxc4 a6 16. Qc5 Qd6 17. Nd2 Ne7 18. Ne4 Qxc5 19. Nxc5 Bc6 20. Bf3 b6 21. Bxc6 bxc5 22.
Rxc5 Rb8 23. b4 a5 24. bxa5 Nxc6 25. Rxc6 Rb3 26. Rxc7 Rxa3 27. Ra7 Rb8 28. g4 h5 29.
gxh5 Rb5 30. Rc1 Rg5+ 31. Kf1 Rf5 32. Rc5 Rxc5 33. dxc5 Rc3 34. Rc7 Ra3 35. c6 Rxa5 36. Rd7 Rc5 37. c7 Kh7 38. Rxf7 Kh6 39. Re7 Rc1+ 40. Kg2 Kxh5 41. Rxg7 e5 42. Kf3 Rc4 43. Ke2 Kh6 44. Kd3 Rc1 45. Re7 Kg6 46. Ke4 Kf6 47. Rh7 Rc5 48. h4 Kg6 49. Rd7 Kf6 50. h5 Ke6 51.
Rg7 Rc4+ 52. Kd3 Rc1 53. h6 Kf6 54. Kd2 Rc6 55. Rd7 Ke6 56. h7 Kxd7 57. h8=Q Rd6+ 58. Ke2 Kxc7 59. Qxe5 Kc6 60. Qe8+ Kb6 61. f4 Ka7 62. Qe7+ Kb8 63. Qxd6+ Ka8 64. f5 Kb7 65. f6 Ka7 66. f7 Kb7 67. f8=Q Ka7 68. Qfb8# 1-0

[Event "Late-Titled-Tuesday-Blitz-April-23-2024"]
[Site "Chess.com"]
[Date "2024.04.23"]
[Round "11"]
[White "Ghost_Pepper"]
[Black "rhwr"]
[Result "1-0"]
[WhiteElo "2478"]
[BlackElo "2291"]
[TimeControl "180+1"]
[EndTime "16:08:53 PDT"]
[Termination "Ghost_Pepper won by resignation"]

1. e4 c5 2. Nf3 d6 3. g3 Nf6 4. Nc3 Nc6 5. Bg2 g6 6. d4 cxd4 7. Nxd4 Nxd4 8. Qxd4 Bg7 9. O-O O-O 10.
Qd3 Ng4 11. h3 Ne5 12. Qe2 Be6 13. b3 Qc8 14. Bb2 Bxh3 15. Nd5 Re8 16. f4 Bxg2 17. Kxg2 Nc6 18. Bxg7 Kxg7 19. c4 e6 20. Qb2+ e5 21. f5 f6 22. fxg6 hxg6 23. Rxf6 Qg4 24. Qf2 Qxe4+ 25.
Kg1 Qd4 26. Rf7+ Kh6 27. Rf1 Qxf2+ 28. R1xf2 Rh8 29. Nf6 Nd4 30. Ne4 g5 31. g4 Rhg8 32. Rh2+ Kg6 33. Rfh7 Rg7 34. R2h6+ Kf7 35. Nxd6+ Kf8 36.
Rh8+ Rg8 37. Rf6+ Kg7 38. Rxg8+ Kxg8 39. Nxb7 a5 40. Nc5 a4 41. Nxa4 e4 42. Nc3 e3 43.
Rd6 Nf3+ 44. Kf1 Ne5 45. Ke2 Nxg4 46. a4 Rf8 47. Rg6+ Kh7 48. Rxg5 Rf2+ 49. Ke1 Nf6 50. Re5 Ng4 51. Re4 Nf6 52. Rxe3 Rb2 53. Rh3+ Kg7 54. Nd5 Ne4 55. Re3 Nc5 56. Kd1 Nxa4 57. bxa4 Ra2 58. c5 Rxa4 59. Ke2 Rd4 60. Rd3 Rc4 61. Rc3 Re4+ 62.
Ne3 Rd4 63. Kf3 Rd8 64. c6 Rc8 65. Ke4 Re8+ 66. Kd4 Rd8+ 67. Nd5 Rc8 68. Kc5 Rd8 69. Re3 Ra8 70. Re7+ Kg6 71. Kd6 Kg5 72. Rd7 Ra5 73. c7 Rxd5+ 74. Kxd5 1-0

[Event "Late-Titled-Tuesday-Blitz-April-23-2024"]
[Site "Chess.com"]
[Date "2024.04.23"]
[Round "11"]
[White "Akhayan"]
[Black "LUISMIGUELOV"]
[Result "1-0"]
[WhiteElo "2415"]
[BlackElo "2233"]
[TimeControl "180+1"]
[EndTime "16:08:58 PDT"]
[Termination "Akhayan won on time"]

1. e4 e5 2. Bc4 Nf6 3. Nc3 Bc5 4. d3 d6 5. f4 exf4 6. Bxf4 c6 7. Nf3 Bg4 8. h3 Be6 9. Bb3 Bxb3 10. axb3 Na6 11.
d4 Bb6 12. O-O O-O 13. Bg5 h6 14. Bh4 Nb4 15. Kh1 a5 16. e5 dxe5 17. Nxe5 Qxd4 18.
Qxd4 Bxd4 19. Bxf6 gxf6 20. Nd7 Rfd8 21. Nxf6+ Bxf6 22. Rxf6 Nxc2 23. Raf1 Ne3 24. R1f3 Nd5 25. Rxf7 Nxc3 26. bxc3 Rf8 27. Rxb7 Rxf3 28. gxf3 a4 29.
bxa4 Rxa4 30. Kg2 Rc4 31. Rb3 Kg7 32. Kf2 Kg6 33. Ke3 Kf5 34. Ra3 Ke5 35. f4+ Kd6 36. f5 Ke5 37. Ra5+ Kf6 38. Kd3 Rh4 39. Ra6 Rxh3+ 40. Kc4 Kxf5 41. Rxc6 h5 42. Rh6 h4 43. Kd4 Rh1 44. c4 Kg5 45. Rh8 h3 46. Kc3 h2 47.
Kb2 Kf5 48. c5 Ke5 49. Rh6 Kd5 50. c6 Rg1 51. Rxh2 Kxc6 52. Rc2+ Kb5 53. Rc3 Kb6 54.
Kb3 Kb5 55. Rf3 Rg2 56. Rf5+ Kc6 57. Kc4 Kd6 58. Kd4 Ke6 59. Ra5 Kf6 60. Ke4 Rg4+ 61.
Kf3 Rb4 62. Rc5 Rb3+ 63. Ke4 Rb4+ 64. Kd5 Rb1 65. Rc6+ Kf5 66. Rc8 Kf4 67. Rf8+ Ke3 68.
Rh8 Kf4 69. Rh6 Kf5 70. Rh8 Kf6 71. Rf8+ Kg5 72. Rf2 Rd1+ 73. Ke6 Re1+ 74. Kf7 Kg4 75. Rf6 Kg3 76. Kg6 Kg4 77. Ra6 Re4 78. Ra5 Rb4 79.
Rg5+ Kf4 80. Rf5+ 1-0

[Event "Late-Titled-Tuesday-Blitz-April-23-2024"]
[Site "Chess.com"]
[Date "2024.04.23"]
[Round "11"]
[White "IngOscarArdila"]
[Black "Hirna2005"]
[Result "1-0"]
[WhiteElo "2279"]
[BlackElo "2330"]
[TimeControl "180+1"]
[EndTime "16:08:58 PDT"]
[Termination "IngOscarArdila won on time"]

1. d3 g6 2. Nd2 Bg7 3. e4 d6 4. Ngf3 c5 5. Be2 Nc6 6. O-O Nf6 7. c3 O-O 8. Qc2 b5 9. a4 b4 10. Rd1 Rb8 11. Nf1 Be6 12. Ng5 bxc3 13. Nxe6 cxb2 14. Bxb2 fxe6 15. Bc3 Nb4 16. Qd2 a5 17. Ne3 Nd7 18.
Bxg7 Kxg7 19. Ng4 Nf6 20. Qh6+ Kg8 21. h4 Nc2 22. h5 Nxh5 23. Rab1 Nd4 24. Bf1 Rxb1 25.
Rxb1 Rf4 26. Ne3 Qf8 27. Qxf8+ Rxf8 28. Nc4 Ra8 29. Rb7 Kf8 30. g3 Ng7 31. f4 Ne8 32. Bg2 Ra6 33. Kf2 Kf7 34. Ke3 Nc2+ 35. Kd2 Nd4 36. g4 Nf6 37. g5 Nh5 38. Ke3 Nc2+ 39.
Kf3 Nb4 40. f5 exf5 41. exf5 gxf5 42. Ke3 Ng7 43. Bh3 Nd5+ 44. Kd2 Kg6 45. Bg2 e6 46.
Rd7 Ne8 47. Rd8 Kf7 48. Rd7+ Kf8 49. Rd8 Ke7 50. Rb8 Nf4 51. Bf3 d5 52. Ne5 Nc7 53. Rb7 Kd6 54. Nf7+ Kc6 55. Nd8+ Kd7 56. Nf7 Kc8 57. Rb2 Rc6 58. Rb1 c4 59. Ne5 Rc5 60.
d4 Ng6 61. Nxg6 hxg6 62. dxc5 Kd7 63. Kc3 Kc6 64. Rb6+ Kxc5 65. Rb7 Kc6 66. Rb8 Kc5 67. Rg8 d4+ 68. Kc2 e5 69. Rxg6 e4 70. Bh5 1-0

[Event "Late-Titled-Tuesday-Blitz-April-23-2024"]
[Site "Chess.com"]
[Date "2024.04.23"]
[Round "11"]
[White "Byniolus"]
[Black "Nf3c5"]
[Result "1-0"]
[WhiteElo "2810"]
[BlackElo "2617"]
[TimeControl "180+1"]
[EndTime "16:09:01 PDT"]
[Termination "Byniolus won by checkmate"]

1. e4 e5 2. f4 exf4 3. d4 Ne7 4.
Bxf4 d5 5. Nc3 dxe4 6. Bc4 Ng6 7.
Bg3 Bd6 8. Nge2 Nc6 9. Nxe4 Bxg3+ 10. N4xg3 O-O 11. O-O Be6 12. Qd3 Nb4 13. Qb3 Nd5 14. Ne4 b6 15. Qg3 Ne3 16. Qxe3 Bxc4 17. Rad1 h6 18. b3 Bxe2 19. Qxe2 Re8 20. Qf3 Qd7 21. c4 Rad8 22. d5 Qe7 23. Ng3 Ne5 24. Qf4 Qg5 25. Nf5 Qxf4 26. Rxf4 f6 27. h3 Kh7 28. Rf2 Rd7 29.
Nd4 c6 30. Rfd2 cxd5 31. Nb5 a6 32. Nc3 d4 33. Rxd4 Rde7 34. Nd5 Re6 35. Nc7 R6e7 36.
Nxe8 Rxe8 37. Rd8 Re7 38. Rb8 Re6 39. Rb7 Kg6 40. a4 a5 41. Rd8 Kf5 42. Rdb8 Rd6 43. Rxb6 Rd1+ 44. Kh2 Rd2 45. Rb5 Kf4 46. Rxe5 fxe5 47.
Rb5 e4 48. Rxa5 e3 49. Ra8 e2 50. Re8 Rb2 51. a5 g5 52. a6 Ra2 53. a7 Rxa7 54.
Rxe2 Rb7 55. Rb2 Ke4 56. b4 Kd4 57. Kg3 Kc3 58. Rb1 Kxc4 59. b5 Kc5 60. b6 Kc6 61. Kg4 Rf7 62. b7 Rxb7 63. Rxb7 Kxb7 64. Kh5 Kc6 65. Kxh6 g4 66. hxg4 Kd5 67. g5 Ke6 68. g6 Kf5 69. Kh7 Kf4 70. g7 Ke3 71. g8=Q Kf2 72.
Qg4 Kg1 73. Qf3 Kh2 74. g4 Kg1 75. g5 Kh2 76. g6 Kg1 77. g7 Kh2 78. Kh6 Kg1 79.
g8=Q+ Kh2 80. Qgg2# 1-0

[Event "Late-Titled-Tuesday-Blitz-April-23-2024"]
[Site "Chess.com"]
[Date "2024.04.23"]
[Round "11"]
[White "theredking89"]
[Black "ATM622"]
[Result "0-1"]
[WhiteElo "2787"]
[BlackElo "2533"]
[TimeControl "180+1"]
[EndTime "16:09:05 PDT"]
[Termination "ATM622 won by resignation"]

1. e4 c6 2. Nc3 d5 3. Nf3 dxe4 4. Nxe4 Nf6 5. Nxf6+ exf6 6. Bc4 Bd6 7. Qe2+ Qe7 8.
Qxe7+ Bxe7 9. O-O O-O 10. Re1 Bd6 11. d4 Bg4 12. Nd2 Nd7 13. Ne4 Bc7 14. c3 Rfe8 15.
Bd2 Rad8 16. Ng3 Nf8 17. a3 Rxe1+ 18. Rxe1 Be6 19. Bf1 a5 20. Bc1 a4 21. Ne4 Nd7 22.
Nd2 c5 23. Nf3 Bd5 24. Bb5 Bc6 25. Bxc6 bxc6 26. Be3 c4 27. Nd2 Nb6 28. g3 Kf8 29. f3 f5 30. Bf2 f6 31. Re6 Rd6 32. Rxd6 Bxd6 33. d5 c5 34. Kf1 Ke7 35. Ke2 Kd7 36. Kd1 Kc7 37. Kc2 Kb7 38. h3 Ka6 39. g4 g6 40.
gxf5 gxf5 41. Bh4 Be5 42. d6 Bxd6 43. Bxf6 Bf4 44. Nf1 Nd5 45. Bh4 Kb7 46. Bf2 Kc6 47.
Bg3 Bg5 48. Kb1 Ne3 49. Nh2 f4 50. Bf2 Kd5 51. Kc1 Nf5 52. Kd2 Ng3 53. Ke1 h5 54. Kd2 h4 55. Ng4 Nf5 56. Ke2 Ng3+ 57. Kd2 Nf5 58. Bg1 Nd6 59. Nf2 Nf5 60. Ne4 Be7 61. Bf2 Ng3 62. Bxg3 fxg3 63. Ke2 Ke5 64. Nd2 Kd5 65.
Ne4 Bf8 66. Nf6+ Kc6 67. f4 Bh6 68. Nh5 Kd5 69. Kf3 Ke6 70. Kg2 Kf5 71. Kf3 Kg6 72.
Nxg3 hxg3 73. Kxg3 Kf5 74. Kf3 Bxf4 75. Ke2 Bc1 76. Kd1 Bxb2 77. Kc2 Bxa3 78. Kb1 Kf4 79. Kc2 Kg3 80. Kb1 Kxh3 81. Ka2 Bc1 82. Kb1 Bh6 83. Ka2 Bg7 84. Ka3 Bxc3 85. Kxa4 Bb4 86. Kb5 c3 0-1

[Event "Late-Titled-Tuesday-Blitz-April-23-2024"]
[Site "Chess.com"]
[Date "2024.04.23"]
[Round "11"]
[White "egnfanclub"]
[Black "merinasian"]
[Result "1/2-1/2"]
[WhiteElo "2376"]
[BlackElo "2513"]
[TimeControl "180+1"]
[EndTime "16:09:22 PDT"]
[Termination "Game drawn by stalemate"]

1. e4 d6 2. Nc3 Nd7 3. f4 g6 4. Nf3 Bg7 5. Bc4 e6 6. O-O Ne7 7. d3 Nc5 8. d4 Nd7 9. Qe1 Nb6 10. Bd3 d5 11. e5 Nd7 12. Kh1 a6 13. b4 b6 14. Be3 c5 15. bxc5 bxc5 16. dxc5 Qc7 17. Na4 O-O 18. Nb6 Rb8 19. Nxd7 Bxd7 20. Qf2 Bb5 21.
a4 Bc4 22. Nd4 Rb2 23. Rfb1 Rfb8 24. Bxc4 dxc4 25. Rxb2 Rxb2 26. Qe2 Nd5 27. Bc1 Rb8 28. Qxc4 Qa5 29. Nf3 Rb4 30. Qe2 Qxc5 31. Ba3 Qc3 32.
Bxb4 Qxa1+ 33. Qe1 Qxa4 34. Bd2 Qxc2 35. g3 h6 36. Nd4 Qc4 37. Qf2 Bf8 38. Nf3 Bc5 39. Qe1 Qd3 40. Kg2 Qc2 41. Qc1 Qxc1 42. Bxc1 a5 43. Nd2 Nb6 44. Nb1 Nc4 45. Nc3 Nb6 46.
Nb1 a4 47. Ba3 Bd4 48. Kf3 Nc4 49. Bb4 Bb2 50. Bc3 a3 51. Bxb2 a2 52. Nc3 Nxb2 53. Nxa2 Nd3 54. Ke4 Nf2+ 55. Kf3 Nd1 56. Ke2 Nb2 57. Kd2 Kg7 58. Nc3 Nc4+ 59. Kd3 Nb6 60.
Ke4 g5 61. Ne2 Kg6 62. Nd4 Nc4 63. f5+ exf5+ 64. Nxf5 Nd2+ 65. Kd3 Kxf5 66. Kxd2 Kxe5 67. Ke3 Kf5 68. h3 h5 69. Kf3 Ke5 70. Ke3 f5 71.
Kf3 g4+ 72. hxg4 fxg4+ 73. Ke3 Kd5 74. Kd3 Ke5 75. Ke3 Kf5 76. Kd3 h4 77. gxh4 g3 78.
Ke3 Kg4 79. h5 Kxh5 80. Kf3 Kh4 81. Kg2 Kg4 82. Kg1 Kf3 83. Kf1 g2+ 84. Kg1 Kg3 1/2-1/2

[Event "Late-Titled-Tuesday-Blitz-April-23-2024"]
[Site "Chess.com"]
[Date "2024.04.23"]
[Round "11"]
[White "MKlose11"]
[Black "only_strong_moves"]
[Result "1/2-1/2"]
[WhiteElo "2620"]
[BlackElo "2722"]
[TimeControl "180+1"]
[EndTime "16:09:25 PDT"]
[Termination "Game drawn by repetition"]

1. e4 e5 2. Nf3 Nc6 3. d4 exd4 4. Bc4 Nf6 5. O-O Nxe4 6. Re1 d5 7. Bxd5 Qxd5 8.
Nc3 Qa5 9. Nxe4 Be7 10. Bg5 Be6 11. Bxe7 Nxe7 12. Qxd4 Nf5 13. Qc5 Qb6 14. Nfg5 O-O-O 15. Qxb6 axb6 16. Nxe6 fxe6 17. Ng5 Nd4 18. Rac1 Rde8 19. c3 h6 20. Nf7 Rhf8 21. Nxh6 Nf3+ 22. gxf3 gxh6 23. Re3 Rf6 24. Rd1 Rg8+ 25. Kf1 Rg5 26. Rd4 Rgf5 27. Ke2 b5 28. a3 b6 29. Rde4 Kd7 30. Re5 c6 31. Rxf5 Rxf5 32. Re4 Rh5 33. h4 Rf5 34. Rg4 Kd6 35. Rg6 Rh5 36. Rg4 Re5+ 37.
Kd3 Rf5 38. Ke3 Re5+ 39. Re4 Rf5 40. Rd4+ Ke7 41. Rg4 Kd6 42. f4 c5 43. Kf3 Rf6 44.
Rg8 e5 45. Ke3 exf4+ 46. Kf3 Kd5 47. b3 Ke5 48. Rd8 Kf5 49. Rd5+ Ke6 50. Rd8 Ke5 51. Re8+ Kf5 52. Re4 Rd6 53. Rxf4+ Ke5 54. Re4+ Kf5 55. b4 Rd3+ 56. Re3 Rd1 57. Kg3 Rg1+ 58. Kh2 Ra1 59. bxc5 bxc5 60. c4 bxc4 61. Rc3 Ke4 62. Rxc4+ Kd5 63.
Rc3 Kd4 64. Rg3 c4 65. Rg6 Rxa3 66. Rxh6 Ra5 67. Rd6+ Rd5 68. Ra6 c3 69. Kg3 c2 70.
Ra1 Ke4 71. Rc1 Rd3+ 72. Kg4 Rd2 73. h5 Rxf2 74. h6 Rg2+ 75. Kh5 Kf5 76. Rf1+ Ke4 77. h7 Rh2+ 78. Kg6 Kd3 79. Kg7 Rg2+ 80. Kf7 Rh2 81. Kg7 Rg2+ 82. Kf7 Rh2 83. Kg7 1/2-1/2

[Event "Late-Titled-Tuesday-Blitz-April-23-2024"]
[Site "Chess.com"]
[Date "2024.04.23"]
[Round "11"]
[White "Bykov_Egor"]
[Black "ChessBrainiacOnTwitch"]
[Result "1-0"]
[WhiteElo "2632"]
[BlackElo "2773"]
[TimeControl "180+1"]
[EndTime "16:09:27 PDT"]
[Termination "Bykov_Egor won by checkmate"]

1. d4 Nf6 2. c4 e6 3. Nc3 Bb4 4. e3 O-O 5. Bd3 d5 6. Nf3 b6 7.
cxd5 exd5 8. O-O Bb7 9. a3 Be7 10. b4 Nbd7 11. Qb3 Rb8 12. b5 c5 13. bxc6 Bxc6 14.
a4 Re8 15. Ba3 Rc8 16. Ba6 Ra8 17. Rfc1 Bxa3 18. Qxa3 Nb8 19. Bd3 Ne4 20. Ne5 Bb7 21.
Nxe4 dxe4 22. Bc4 Bd5 23. Qb3 Bxc4 24. Qxc4 Qe7 25. Qd5 Na6 26. Qxe4 Nb4 27. Qf5 h6 28. a5 g6 29. Qd7 Qf6 30. axb6 axb6 31. Qb5 Nc2 32.
Rxa8 Rxa8 33. Nd7 Qd6 34. Nxb6 Qa3 35. Rxc2 Qb3 36. Qf1 Qxb6 37. Rc1 Ra2 38. g3 Qb2 39. Qe1 h5 40. h4 Kh7 41. Rd1 Qc2 42. d5 Ra8 43. d6 Rd8 44. Qd2 Qe4 45. Qd4 Qe6 46. Qd5 Qf6 47. Kg2 Rd7 48. e4 Qd8 49. e5 Qe8 50. Qe4 Qe6 51. Qd5 Qe8 52. Rd3 Qb8 53.
Rf3 Qe8 54. Rc3 Qd8 55. Rc6 Qe8 56. Qc5 Qe6 57. Rc7 Rd8 58. Qc4 Qxc4 59. Rxc4 Kg7 60. f4 Kf8 61. Kf3 Ke8 62. Ke4 Ra8 63. Kd5 Ra5+ 64. Rc5 Ra3 65. Rc8+ Kd7 66. Rc7+ Ke8 67. Re7+ Kf8 68. Rb7 Ke8 69. Rb8+ Kd7 70. Rf8 Rd3+ 71. Ke4 Rxg3 72. Rxf7+ Ke8 73. Re7+ Kd8 74. Rg7 Rg1 75.
e6 Re1+ 76. Kd5 Rd1+ 77. Ke5 Kc8 78. Rg8+ Kb7 79. e7 g5 80. hxg5 Re1+ 81. Kf5 h4 82.
e8=Q Rxe8 83. Rxe8 h3 84. Rh8 h2 85. Rxh2 Kc6 86.
Rd2 Kd7 87. Kf6 Kd8 88. Ke6 Ke8 89. Rh2 Kd8 90. Rh8# 1-0

[Event "Late-Titled-Tuesday-Blitz-April-23-2024"]
[Site "Chess.com"]
[Date "2024.04.23"]
[Round "11"]
[White "BogdanDeac"]
[Black "Hamisandwich"]
[Result "1-0"]
[WhiteElo "3054"]
[BlackElo "2779"]
[TimeControl "180+1"]
[EndTime "16:09:30 PDT"]
[Termination "BogdanDeac won on time"]

1. e4 e6 2. Qe2 c5 3. Nf3 Nc6 4. c3 d5 5. exd5 Qxd5 6. g3 b6 7. Bg2 Bb7 8. Na3 Nf6 9. Nc4 Rc8 10. O-O Be7 11. Rd1 O-O 12. d3 Rfd8 13. a4 Ba8 14.
Bf4 h6 15. h4 Qh5 16. Re1 Nd5 17. Bd2 Bf6 18. Qf1 Nde7 19. Nh2 Ne5 20. Nxe5 Bxg2 21. Kxg2 Bxe5 22. g4 Qxh4 23. Rxe5 Ng6 24. Rh5 Qf6 25. Qe2 e5 26. Be3 Qc6+ 27. Qf3 Rxd3 28. Qxc6 Rxc6 29.
g5 hxg5 30. Rxg5 Rcd6 31. Re1 Rd1 32. Rxd1 Rxd1 33. Nf3 Ra1 34. Nxe5 Nxe5 35. Rxe5 Rxa4 36. Re8+ Kh7 37. Re7 Kg6 38. Rb7 Ra2 39. b4 cxb4 40. cxb4 Ra4 41. Bd2 Kf6 42. Bc3+ Ke6 43. Bxg7 Rxb4 44.
Bc3 Ra4 45. Kf1 Ra3 46. Bb4 Ra4 47. Bd2 Ra2 48. Ke2 Ra4 49. Kd3 f5 50. f4 Ra3+ 51. Bc3 Ra4 52. Be5 Ra3+ 53. Kc4 Ra4+ 54. Kb3 Ra5 55.
Rh7 Kd5 56. Rd7+ Ke4 57. Rd4+ Kf3 58. Rd6 Ke4 59. Rd7 Rb5+ 60. Kc4 Ra5 61. Kb4 Ra2 62. Kb3 Ra5 63. Re7 Kf3 64. Bb8 Rb5+ 65. Kc3 Ra5 66.
Rb7 Ra4 67. Kb3 Ra5 68. Be5 Ke4 69. Kb4 Kf3 70. Rh7 Ke4 71. Rh1 Ra2 72. Re1+ Kf3 73.
Kb3 Ra5 74. Bd6 Kg4 75. Re2 Kf3 76. Re5 Rxe5 77. fxe5 Ke4 78. e6 Kd5 79. e7 Kxd6 80. e8=Q 1-0

[Event "Late-Titled-Tuesday-Blitz-April-23-2024"]
[Site "Chess.com"]
[Date "2024.04.23"]
[Round "11"]
[White "Meri-Arabidze"]
[Black "Artem_Koval"]
[Result "1/2-1/2"]
[WhiteElo "2673"]
[BlackElo "2589"]
[TimeControl "180+1"]
[EndTime "16:09:53 PDT"]
[Termination "Game drawn by repetition"]

1. Nf3 d5 2. c4 e6 3. g3 Nf6 4. Bg2 Be7 5. O-O O-O 6. b3 c6 7. Bb2 Nbd7 8. d4 Ne4 9. Qc2 a5 10. Nc3 Nxc3 11. Bxc3 Nf6 12. Ne5 Qc7 13. Rfd1 Bd6 14.
Rac1 Rd8 15. Bb2 Bd7 16. Nd3 Be8 17. a3 Qe7 18. Ra1 h5 19. Bc1 Nd7 20. Bf4 dxc4 21.
bxc4 e5 22. c5 Bc7 23. dxe5 Nxe5 24. Nxe5 Bxe5 25. Bxe5 Qxe5 26. h4 Bd7 27. Qb3 Be6 28. Qxb7 Qxe2 29. Rxd8+ Rxd8 30. Qxc6 Qc2 31. Qc7 Rd2 32.
Qb8+ Kh7 33. Qb1 Qxb1+ 34. Rxb1 Rc2 35. c6 Rc3 36. a4 Rc4 37. Rb5 Rxa4 38. Rxh5+ Kg6 39.
Rc5 Ra1+ 40. Kh2 a4 41. c7 Bc8 42. h5+ Kh6 43. Bh3 f5 44. Bxf5 Bxf5 45. Rxf5 Rc1 46. Ra5 Rxc7 47. Rxa4 Kxh5 48. Kg2 Kg6 49. Ra5 Kf6 50.
g4 Rc3 51. f3 g5 52. Kg3 Kg6 53. Ra6+ Kg7 54. Rb6 Kf7 55. Rd6 Kg7 56. Kf2 Kf7 57. Ke2 Kg7 58. Rd3 Rc7 59. Ke3 Re7+ 60. Kf2 Kf6 61.
Re3 Ra7 62. Re4 Ra3 63. Rd4 Ra2+ 64. Ke3 Ra3+ 65. Ke4 Ra6 66. Rc4 Rd6 67. Rd4 Re6+ 68. Kd3 Ra6 69. Rc4 Rd6+ 70. Ke4 Re6+ 71. Kd4 Ra6 72.
Kd5 Ra3 73. Rc6+ Kf7 74. Ke4 Kg7 75. Rd6 Kf7 76. Rb6 Kg7 77. Rb7+ Kf6 78. Rb6+ Kf7 79. Rb5 Kf6 80. Rb6+ Kf7 81. Rb8 Ke6 82. Re8+ Kf6 83. Rc8 Ke6 84. Rc6+ Kf7 85. Rh6 Kg7 86. Rb6 Kf7 1/2-1/2

[Event "Late-Titled-Tuesday-Blitz-April-23-2024"]
[Site "Chess.com"]
[Date "2024.04.23"]
[Round "11"]
[White "sassassasss"]
[Black "chess_sharparchitect"]
[Result "0-1"]
[WhiteElo "2424"]
[BlackElo "2269"]
[TimeControl "180+1"]
[EndTime "16:09:57 PDT"]
[Termination "chess_sharparchitect won by resignation"]

1. e4 c5 2. g3 d5 3. exd5 Qxd5 4. Qf3 Qxf3 5. Nxf3 Nc6 6. a3 Bf5 7. d3 e5 8. Bg2 O-O-O 9. O-O h6 10. Nc3 Nf6 11. Re1 Bd6 12. Ne4 Bxe4 13. dxe4 Nd4 14. Nxd4 cxd4 15. f4 Kb8 16. Bd2 Rc8 17. c3 dxc3 18.
Bxc3 exf4 19. e5 Bc5+ 20. Kh1 Ng4 21. h3 Nf2+ 22. Kh2 fxg3+ 23. Kxg3 Rhd8 24. Re2 Rd3+ 25. Bf3 Nxh3 26. Kxh3 Rxf3+ 27. Kg4 Rd3 28. Rf1 Rc7 29.
e6 f6 30. Kf5 Bd6 31. Rg2 Rc5+ 32. Kg6 Rg5+ 33. Rxg5 hxg5 34. Kxg7 Re3 35. Kxf6 g4 36. Rf5 g3 37. Rg5 Rf3+ 38. Kg7 Kc7 39. Rg6 Be7 40. Be5+ Kc6 41. Bxg3 Kd5 42. Bb8 a6 43. Ba7 b5 44.
Bb6 Kc6 45. Ba5 Kd5 46. Bb4 Bxb4 47. axb4 Kd6 48. Rf6 Re3 49. Kf7 Re4 50. e7+ Kd7 51. e8=Q+ Rxe8 52. Rxa6 Re4 53. Ra7+ Kc6 54. Ra6+ Kb7 55. Re6 Rxb4 56. Re2 Rc4 57. Ke6 Kb6 58. Kd5 Ka5 59. Re8 Rc7 60. Re4 Rc2 61. b3 Rc3 62. b4+ Ka4 63. Re1 Kxb4 64. Rb1+ Rb3 65. Rc1 Ka4 66. Kc5 b4 67. Ra1+ Ra3 68. Rb1 Rc3+ 69.
Kd4 Ka3 70. Ra1+ Kb2 71. Ra4 b3 72. Rb4 Rc1 73. Kd3 Rd1+ 74. Ke2 Rd5 75. Ke3 Rd7 76. Ke2 Kc2 77. Rc4+ Kb1 78. Rb4 b2 79. Rb8 Rd5 80.
Rb7 Kc2 81. Rc7+ Kb3 82. Rb7+ Kc3 83. Rc7+ Kb4 84. Rb7+ Rb5 85. Rd7 b1=Q 0-1